 Dungeon Sprint DCSS version 0.26-a0-651-gb41185065b (webtiles) character file.

Game seed: 3708388862722432387

5607 Conn the Protected (level 10, 0/102 HPs)
             Began as a Naga Fighter on Sept 29, 2020.
             Was a High Priest of Okawaru.
             Splashed by a jelly's acid (9 damage)
             ... in the Dungeon (Sprint I: "Red Sonja").
             The game lasted 00:28:47 (3029 turns).

Conn the Protected (Naga Fighter)                   Turns: 3029, Time: 00:28:48

Health: 0/102      AC:  4    Str: 21    XL:     10   Next: 73%
Magic:  17/17      EV:  6    Int: 10    God:    Okawaru [*****.]
Gold:   426        SH: 12    Dex: 10    Spells: 16/19 levels left

rFire    . . .     SeeInvis +   a - +0 rapier
rCold    . . .     Faith    .   c - +0 kite shield
rNeg     . . .     Spirit   .   g - +10 plate armour {ponderous}
rPois    +         Reflect  .   i - +1 hat
rElec    .         Harm     .   (no cloak)
rCorr    .         Rampage  .   (no gloves)
MR       +....     NoTele   +   (no barding)
Stlth    ..........             (no amulet)
HPRegen  0.27/turn              (no ring)
MPRegen  0.15/turn              (no ring)

@: corroded, very slow
A: large, see invisible, deformed body, poison resistance, slowness 2, spit
poison 1, AC +3
a: Spit Poison, Heroism, Finesse, Renounce Religion


You were in the Dungeon.
You worshipped Okawaru.
Okawaru was extremely pleased with you.
You visited 1 branch You collected 1121 gold pieces.
You spent 695 gold pieces at shops.

Inventory:

Hand Weapons
 a - a +0 rapier (weapon)
 b - a +0 shortbow
Missiles
 f - 3 curare-tipped darts (quivered)
 l - 34 arrows
Armour
 c - a +0 kite shield (worn)
 g - a +10 plate armour of ponderousness (worn)
 i - a +1 hat (worn)
Wands
 d - a wand of digging (5)
Scrolls
 m - 2 scrolls of enchant weapon
Potions
 e - a potion of curing
 h - 2 potions of magic


   Skills:
 * Level 10.3 Fighting
 + Level 10.1 Short Blades
 + Level 3.8 Throwing
 * Level 11.9 Armour
 * Level 4.6 Dodging
 + Level 3.5 Stealth
 * Level 10.4 Shields
 + Level 5.1 Spellcasting
 + Level 2.4 Hexes
 + Level 3.0 Ice Magic
 + Level 1.4 Invocations


You had 16 spell levels left.
You knew the following spells:

 Your Spells              Type           Power        Failure   Level
a - Corona                Hex            #......      73%         1
b - Ensorcelled Hibernat  Hex/Ice        #.....       82%         2

Your spell library contained the following spells:

 Spells                   Type           Power        Failure   Level
 Confusing Touch          Hex            #.......     97%         3
 Tukima's Dance           Hex            #.......     97%         3
 Dazzling Flash           Conj/Hex       #.....       99%         3


Dungeon Overview and Level Annotations

Branches:
Dungeon (1/1)

Altars:
Cheibriados
Dithmenos
Elyvilon
Fedhas
Gozag
Hepliaklqana
Kikubaaqudgha
Makhleb
Nemelex Xobeh
Okawaru
Qazlal
Ru
Sif Muna
Trog
Uskayaw
Vehumet
Wu Jian
Xom
Yredelemnul
Zin
The Shining One
Jiyva
Lugonu

Shops:
D *[[


Innate Abilities, Weirdness & Mutations

You cannot wear boots.
Your serpentine skin is tough. (AC +3)
You have supernaturally acute eyesight. (SInv)
Armour fits poorly on your strangely shaped body.
Your system is resistant to poisons. (rPois)
You cover ground very slowly.
You can spit poison.


Message History

Unknown command.
Unknown command.
Unknown command.
You hit the jelly but do no damage.
Your hands burn!
* * * LOW HITPOINT WARNING * * *
The jelly is heavily wounded.
Unknown command.
Okay, then.
Okay, then.
The jelly hits you but does no damage.
There is an open door here.
The jelly hits you but does no damage.
You enter the shallow water.
Moving in this stuff is going to be slow.
You block the jelly's attack. You block the jelly's attack.
The jelly hits you but does no damage. x2
You block the jelly's attack. The jelly hits you.
* * * LOW HITPOINT WARNING * * *
The acid corrodes you!
You are splashed with acid!
You die...

##########################
#<.#..'..#..'..#__#.)+s..#
#..[.)#).'..#..'..'.†#...#
#..#####'#####'#__####..ssss#
#..####..#...#[####§§#####..+
#..#__####..##.#§§§§.#..# ##
#..#_____##'#_.'@J§§§'..#
#⌠⌠#_[∩...'..._#§J§.§#§.#
#.##_..__##_.#'##§#####'###
#..#_____###'#(#§[..###..§#
############.####'###.###§#
#∩^..[....'...'.§)§.'.∩##.#
###++++####...###########§#
###.###......§##.#
#.#'#.#.....§.§'J#


You could see 2 jellies.

Vanquished Creatures
  2 centaur warriors (D)
  A deep troll (D)
  2 unseen horrors (D)
  An oklob plant (D)
  2 kobold demonologists (D)
  A hornet (D)
  A slime creature (D)
  2 redbacks (D)
  Sigmund (D)
  A yak (D)
  2 floating eyes (D)
  An ogre (D)
  4 jellies (D)
  Ijyb (D)
22 creatures vanquished.

Vanquished Creatures (others)
  Sonja (D)
  A gargoyle (D)
  2 ballistomycete spores (D)
4 creatures vanquished.

Grand Total: 26 creatures vanquished

Notes
Turn   | Place    | Note
-------+----------+-------------------------------------------
     0 | D        | Conn the Naga Fighter began the quest for the Orb.
     0 | D        | Reached XP level 1. HP: 21/21 MP: 1/1
     1 | D        | Noticed Ijyb
    10 | D        | Killed Ijyb
    10 | D        | Reached skill level 3 in Armour
    10 | D        | Reached XP level 2. HP: 19/30 MP: 2/2
    10 | D        | Reached XP level 3. HP: 23/36 MP: 3/3
    33 | D        | Noticed an ogre
    39 | D        | Killed an ogre
    39 | D        | Reached skill level 5 in Fighting
    39 | D        | Reached skill level 4 in Armour
    39 | D        | Reached XP level 4. HP: 26/48 MP: 4/4
   137 | D        | Killed a gargoyle
   214 | D        | Noticed Sigmund
   256 | D        | Killed Sigmund
   256 | D        | Reached skill level 5 in Short Blades
   256 | D        | Reached skill level 6 in Armour
   256 | D        | Reached skill level 5 in Shields
   256 | D        | Reached XP level 5. HP: 28/57 MP: 5/5
   256 | D        | Reached XP level 6. HP: 33/66 MP: 6/6
   419 | D        | Found an ornate altar of the Wu Jian Council.
   419 | D        | Found a shimmering blue altar of Sif Muna.
   421 | D        | Found a radiant altar of Vehumet.
   428 | D        | Learned a level 1 spell: Corona
   454 | D        | Found Kaufogro's Armour Emporium.
   454 | D        | Found an ancient bone altar of Kikubaaqudgha.
   454 | D        | Found a hazy altar of Hepliaklqana.
   454 | D        | Found a stormy altar of Qazlal.
   454 | D        | Found a hide-covered altar of Uskayaw.
   454 | D        | Found a blossoming altar of Fedhas.
   454 | D        | Found a bloodstained altar of Trog.
   454 | D        | Found an iron altar of Okawaru.
   454 | D        | Found a basalt altar of Yredelemnul.
   454 | D        | Found a glowing golden altar of the Shining One.
   454 | D        | Found a snail-covered altar of Cheibriados.
   454 | D        | Found a sacrificial altar of Ru.
   454 | D        | Found a glowing silver altar of Zin.
   454 | D        | Found a shadowy altar of Dithmenos.
   454 | D        | Found a white marble altar of Elyvilon.
   454 | D        | Noticed a yak
   479 | D        | Killed a yak
   479 | D        | Reached skill level 7 in Armour
   479 | D        | Reached XP level 7. HP: 20/73 MP: 6/10
   480 | D        | Found an opulent altar of Gozag.
   481 | D        | Found a sparkling altar of Nemelex Xobeh.
   489 | D        | Became a worshipper of Warmaster Okawaru
   735 | D        | Found a burning altar of Makhleb.
   735 | D        | Found a viscous altar of Jiyva.
   735 | D        | Found a shimmering altar of Xom.
   735 | D        | Found a corrupted altar of Lugonu.
   735 | D        | Noticed a slime creature
   757 | D        | Killed a slime creature
   757 | D        | Reached skill level 1 in Dodging
   757 | D        | Reached skill level 1 in Stealth
  1074 | D        | Learned a level 2 spell: Ensorcelled Hibernation
  1092 | D        | Noticed Sonja
  1128 | D        | Killed Sonja
  1128 | D        | Reached skill level 8 in Armour
  1128 | D        | Reached XP level 8. HP: 12/82 MP: 11/14
  1140 | D        | HP: 4/82 [poisoned by Sonja]
  1146 | D        | HP: 3/82 [poisoned by Sonja]
  1154 | D        | HP: 3/82 [poisoned by Sonja]
  1162 | D        | HP: 2/82 [poisoned by Sonja]
  1525 | D        | Bought a +10 plate armour of ponderousness for 500 gold
                  | pieces
  1567 | D        | Found Guysunio's General Store.
  1654 | D        | Bought 2 scrolls of enchant weapon for 195 gold pieces
  1769 | D        | Noticed a deep troll
  1793 | D        | Killed a deep troll
  1793 | D        | Reached * piety under Okawaru
  1793 | D        | Reached skill level 1 in Throwing
  1793 | D        | Reached skill level 9 in Armour
  1793 | D        | Reached skill level 5 in Spellcasting
  1817 | D        | Found Atseolao's Armour Emporium.
  1956 | D        | Noticed a centaur warrior
  1970 | D        | Noticed a centaur warrior
  1974 | D        | Noticed a hornet
  1984 | D        | Killed a centaur warrior
  1984 | D        | Reached ** piety under Okawaru
  1984 | D        | Reached *** piety under Okawaru
  1984 | D        | Reached skill level 10 in Armour
  1984 | D        | Reached XP level 9. HP: 35/90 MP: 16/16
  1993 | D        | Killed a centaur warrior
  1993 | D        | Reached skill level 11 in Armour
  2008 | D        | Killed a hornet
  2008 | D        | Reached **** piety under Okawaru
  2008 | D        | Reached skill level 1 in Invocations
  2231 | D        | Noticed an oklob plant
  2481 | D        | Noticed a kobold demonologist
  2483 | D        | Noticed a kobold demonologist
  2489 | D        | Noticed a hellwing
  2510 | D        | Killed a kobold demonologist
  2510 | D        | Reached XP level 10. HP: 95/99 MP: 17/17
  2521 | D        | Noticed a smoke demon
  2528 | D        | Killed a kobold demonologist
  2571 | D        | Killed an oklob plant
  2761 | D        | Noticed an unseen horror
  2774 | D        | Noticed an unseen horror
  2822 | D        | Killed an unseen horror
  2822 | D        | Reached skill level 10 in Fighting
  2822 | D        | Reached skill level 10 in Shields
  2834 | D        | Killed an unseen horror
  2834 | D        | Reached ***** piety under Okawaru
  2834 | D        | Reached skill level 10 in Short Blades
  3014 | D        | HP: 2/102 [acid (7)]
  3029 | D        | Splashed by a jelly's acid

Illustrated notes

Levels and vault maps discovered:
D:        dungeon_sprint_1 [red_sonja_temple_1, red_sonja_temple_small_1]

Skill      XL: |  1  2  3  4  5  6  7  8  9 10 |
---------------+-------------------------------+-----
Fighting       | 4 5 7 8 9 10 | 10.3
Armour         | 3 4 6 7 8 10 11 | 11.9
Shields        | 3 4 5 6 8 9 10 | 10.4
Short Blades   | 3 5 6 7 8 10 | 10.1
Spellcasting   | 2 4 5 |  5.1
Hexes          | 2 |  2.4
Dodging        | 2 3 4 |  4.6
Stealth        | 1 3 |  3.5
Ice Magic      | 3 |  3.0
Throwing       | 2 3 |  3.8
Invocations    | 1 |  1.4

Action                   |  1- 3 |  4- 6 |  7- 9 | 10-12 || total
-------------------------+-------+-------+-------+-------++-------
Melee: Rapier            |    12 |    35 |   111 |   140 ||   298
Throw: Dart              |       |       |    16 |     1 ||    17
Invok: Heroism           |       |       |     4 |     1 ||     5
       Finesse           |       |       |       |     1 ||     1
 Abil: Spit Poison       |     1 |     1 |     5 |       ||     7
Evoke: Wand              |     1 |       |       |       ||     1
  Use: Potion            |     2 |     2 |     2 |     1 ||     7
       Scroll            |       |       |     1 |     1 ||     2
Armor: Scale mail        |     2 |     5 |    14 |       ||    21
       Plate armour      |       |       |    62 |    70 ||   132
Dodge: Dodged            |     1 |     3 |    39 |    19 ||    62
Block: Kite shield       |     2 |     9 |    77 |    61 ||   149

Table legend: (Time is in decaauts)
 A = Elapsed time spent in this place.
 B = Non-inter-level travel time spent in this place.
 C = Inter-level travel time spent in this place.
 D = Time resting spent in this place.
 E = Time spent auto-exploring this place.
 F = Levels seen in this place.
 G = Mean time per level.
                   A        B        C        D        E       F      G
               +--------+--------+--------+--------+--------+-----+--------+
         Total |   3262 |   3262 |      0 |   1876 |      0 |   1 | 3262.0 |
       Dungeon |   3262 |   3262 |      0 |   1876 |      0 |   1 | 3262.0 |
               +--------+--------+--------+--------+--------+-----+--------+

Top non-repeatable levels by time:
       D: 3262 daAuts
